 Dungeon Crawl Stone Soup version 0.32-a0-377-g951292165a (webtiles) character file.

Game seed: 1081260987777164203

250 Anathary the Insei (level 5, -2/37 HPs)
             Began as a Demonspawn Shapeshifter on Feb 19, 2024.
             Was an Initiate of Makhleb.
             Slain by Duvessa
             ... wielding a +0 short sword
              (15 damage)
             ... on level 4 of the Dungeon.
             The game lasted 00:09:27 (2567 turns).

Anathary the Insei (Demonspawn Shapeshifter)        Turns: 2567, Time: 00:09:28

Health: -2/37      AC:  7    Str: 14    XL:     5   Next: 88%
Magic:  5/5        EV: 10    Int: 10    God:    Makhleb [......]
Gold:   160        SH:  0    Dex: 15    Spells: 4/4 levels left

rFire   . .          .
                       - Unarmed
rCold   . . .        (no shield)
rNeg    . . .        p - +1 scale mail
rPois   .            (helmet currently unavailable)
rElec   .            (cloak currently unavailable)
rCorr   .            (gloves currently unavailable)
SInv    .            (boots currently unavailable)
Will    .....        (no amulet) Stlth
                     (no ring)
HPRegen 0.26/turn    (no ring)
MPRegen 0.09/turn

%: no passive effects
@: beast-form
A: beast (slay +1), claws 1, ignite blood 1
a: Begin Untransformation, Renounce Religion


You were on level 4 of the Dungeon.
You worshipped Makhleb.
Makhleb was noncommittal.
You were a hulking beast.
You visited 1 branch of the dungeon, and saw 4 of its levels.

You collected 160 gold pieces.

Inventory:

Armour
 a - a +0 animal skin
 p - a +1 scale mail (worn)
Jewellery
 h - a +4 ring of protection
Talismans
 c - a beast talisman (active)
 d - a flux talisman
Wands
 r - a wand of mindburst (7)
Scrolls
 g - a scroll of enchant weapon
 i - a scroll of fog
 k - 2 scrolls of enchant armour
 q - 3 scrolls of identify
 t - a scroll of teleportation
Potions
 b - a potion of lignification
 e - a potion of attraction
 f - 2 potions of curing {unknown}
 j - 2 potions of cancellation {unknown}
 l - 2 potions of mutation {unknown}
 m - a potion of enlightenment {unknown}
 n - a potion of heal wounds {unknown}
 o - a potion of haste {unknown}
 s - a potion of degeneration {unknown}


   Skills:
 + Level 1.3 Fighting
 + Level 1.0 Armour
 + Level 2.5 Dodging
 + Level 1.0 Stealth
 + Level 4.7 Unarmed Combat
 + Level 3.4 Shapeshifting


You had 4 spell levels left.
You didn't know any spells.
Your spell library contained the following spells:

 Spells                   Type           Power      Damage    Failure   Level
 Blink                    Tloc           0%         N/A       94%         2


Dungeon Overview and Level Annotations

Branches:
Dungeon (4/15)
 Temple: D:4-7

Altars:
Makhleb
Xom

Annotations:
D:4 Duvessa


Innate Abilities, Weirdness & Mutations

You are a hulking beast.
Your limbs bulge with bestial killing power. (Slay +1)
You have sharp fingernails.
Your demonic aura sometimes causes spilled blood to erupt in flames.


Message History

Dowan shouts!
Duvessa, Sister of Dowan comes into view.
She is wielding a +0 short sword and wearing a +2 leather armour of cold resistance.
You start waiting.
Dowan is nearby!
You start waiting.
Dowan is nearby!
Dowan casts a spell at you. You resist with some effort.
Dowan barely misses you.
You scratch Dowan.
Dowan is moderately wounded.
Dowan is engulfed in blazing flames.
Dowan misses you.
You closely miss Dowan.
Dowan is severely wounded.
Dowan is engulfed in blazing flames.
You kill Dowan!
Makhleb accepts your kill.
You hear a distant scream of rage.
Your Armour skill increases to level 1!
Duvessa shouts!
Duvessa goes berserk!
Duvessa closely misses you.
Things that are here:
a +0 dagger; a +0 robe You scratch Duvessa.
Duvessa is lightly wounded.
Duvessa hits you with a +0 short sword.
You closely miss Duvessa.
Duvessa is lightly wounded.
Duvessa hits you with a +0 short sword!
You barely miss Duvessa.
Duvessa is lightly wounded.
Duvessa completely misses you. Duvessa hits you with a +0 short sword!
You scratch Duvessa.
Duvessa is lightly wounded.
Duvessa hits you with a +0 short sword.
You scratch Duvessa but do no damage.
Duvessa is lightly wounded.
Duvessa is engulfed in blazing flames.
Duvessa hits you with a +0 short sword!
You die...

##########.....#
..............##
#..............# +#
#..............# #.#
#..............#####..
#.....................
+....e# #......†.....
#....h####.>..........
#.....................
####+#.########.......
#+# #....... #.......
#####+## . . +##'##


You could see Duvessa (berserk).

Vanquished Creatures
  Dowan (D:4)
  Jessica (D:3)
  An iguana (D:3)
  An orc wizard (D:4)
  2 adders (D:2)
  A dart slug (D:2)
  A ribbon worm (D:2)
  5 orcs
  6 endoplasms
  2 giant cockroaches
  7 goblins
  2 hobgoblins
  4 quokkas
  4 ball pythons
  5 bats
  2 frilled lizards
  8 kobolds
  6 rats
59 creatures vanquished.

Notes
Turn   | Place    | Note
-------+----------+-------------------------------------------
     0 | D:1      | Anathary the Demonspawn Shapeshifter began the quest for
                  | the Orb.
     0 | D:1      | Reached XP level 1. HP: 15/15 MP: 1/1
    57 | D:1      | Reached skill level 3 in Unarmed Combat
    61 | D:1      | Gained mutation: You have sharp fingernails. [demonic
                  | ancestry]
    61 | D:1      | Reached XP level 2. HP: 20/21 MP: 2/2
   296 | D:1      | Found a faded altar of an unknown god.
   800 | D:2      | Reached XP level 3. HP: 25/26 MP: 3/3
  1126 | D:2      | Reached XP level 4. HP: 32/32 MP: 4/4
  1501 | D:3      | Noticed Jessica
  1515 | D:3      | Killed Jessica
  1516 | D:3      | Reached skill level 4 in Unarmed Combat
  1521 | D:3      | Got Jessica's Writings on the Voyage
  1729 | D:3      | Gained mutation: Your demonic aura sometimes causes spilled
                  | blood to erupt in flames. [demonic ancestry]
  1729 | D:3      | Reached XP level 5. HP: 34/36 MP: 5/5
  1881 | D:3      | Found a shimmering altar of Xom.
  2261 | D:4      | Reached skill level 1 in Stealth
  2447 | D:4      | Found a burning altar of Makhleb.
  2505 | D:4      | Became a worshipper of Makhleb the Destroyer
  2549 | D:4      | Noticed Dowan
  2549 | D:4      | Noticed Duvessa
  2559 | D:4      | Killed Dowan
  2560 | D:4      | Reached skill level 1 in Armour
  2567 | D:4      | Slain by Duvessa

Illustrated notes

Levels and vault maps discovered:
D:1:      nicolae_arrival_somewhat_less_tricky_arrival, layout_rooms,
          shapermc_ecumenical_altar_mp_highgroup, minmay_misc_feat_rugged
D:2:      layout_loops_cross, minivault_27
D:3:      layout_basic, mainiacjoe_overflow_paths, grunt_ministairs_10,
          chequers_decorated_corner, kennysheep_jessica_study
D:4:      layout_basic, mainiacjoe_overflow_24_doors, uniq_duvessa

Skill      XL: |  1  2  3  4  5 |
---------------+----------------+-----
Unarmed Combat | 3 4 |  4.7
Shapeshifting  | 3 |  3.4
Dodging        | 2 |  2.5
Stealth        | 1 |  1.0
Armour         | 1 |  1.0
Fighting       | |  1.3

Action                     |  1- 3 |  4- 6 || total
---------------------------+-------+-------++-------
  Melee: Unarmed           |    78 |    88 ||   166
         Punch             |     2 |     2 ||     4
    Use: Scroll            |       |     7 ||     7
   Stab: Sleeping          |     1 |       ||     1
 Armour: Animal skin       |    28 |       ||    28
         Scale mail        |       |    54 ||    54
  Dodge: Dodged            |    49 |    32 ||    81

Table legend: (Time is in decaauts)
 A = Elapsed time spent in this place.
 B = Non-inter-level travel time spent in this place.
 C = Inter-level travel time spent in this place.
 D = Time resting spent in this place.
 E = Time spent auto-exploring this place.
 F = Levels seen in this place.
 G = Mean time per level.
                   A        B        C        D        E       F      G
               +--------+--------+--------+--------+--------+-----+--------+
         Total |   2554 |   2393 |    161 |    270 |   1531 |   4 |  638.5 |
       Dungeon |   2554 |   2393 |    161 |    270 |   1531 |   4 |  638.5 |
               +--------+--------+--------+--------+--------+-----+--------+

Top non-repeatable levels by time:
     D:2: 798 daAuts
     D:3: 743 daAuts
     D:1: 673 daAuts
     D:4: 339 daAuts
